 Dungeon Crawl Stone Soup version 0.31-a0-538-gbc85326fa9 (webtiles) character file.

Game seed: 5848839609087113653

28840 Twinkles the Grappler (level 13, -3/95 HPs)
             Began as an Octopode Shapeshifter on Aug 13, 2023.
             Was a High Priest of Okawaru.
             Slain by a five-headed hydra (7 damage)
             ... on level 4 of the Lair of Beasts on Aug 14, 2023.
             The game lasted 01:13:30 (19484 turns).

Twinkles the Grappler (Octopode Shapeshifter)      Turns: 19484, Time: 01:13:30

Health: -3/95      AC:  1    Str: 22    XL:     13   Next: 41%
Magic:  26/28      EV: 21    Int: 11    God:    Okawaru [*****.]
Gold:   205        SH: 11    Dex: 12    Spells: 12/12 levels left

rFire   + .          .
                       - Unarmed
rCold   + . .        W - +5 buckler of Gallantry {-Cast Str+3 Stlth+}
rNeg    . . .        (helmet restricted)
rPois   .            k - amulet of faith
rElec   .            m - ring of protection from fire
rCorr   .            e - ring of flight
SInv    .            A - ring of protection from cold
Will    .....        h - +5 ring of evasion
Stlth   +++++++      L - ring of magical power
HPRegen 0.35/turn    N - ring of wizardry
MPRegen 0.21/turn    D - ring of flight
                     (no ring)

%: no spellcasting, faith, wizardry (x1)
@: maw-form, heroic, flying
A: devouring maw, almost no armour, amphibious, 8 rings, camouflage 1,
gelatinous body 1, (nimble swimmer 1), tentacles
a: Begin Untransformation, Renounce Religion, Heroism, Finesse, Duel


You were on level 4 of the Lair of Beasts.
You worshipped Okawaru.
Okawaru was extremely pleased with you.
You were a creature with a mouth for a stomach.
You visited 3 branches of the dungeon, and saw 14 of its levels.
You also visited: Ossuary.

You collected 656 gold pieces.
You spent 451 gold pieces at shops.

Inventory:

Hand Weapons
 b - a +2 dagger of venom
Missiles
 v - 4 curare-tipped darts
 M - 38 poisoned darts (quivered)
 O - 2 silver javelins
 U - a throwing net
Armour
 K - a +2 kite shield of reflection
 W - the +5 buckler of Gallantry (worn) {-Cast Str+3 Stlth+}
   (Okawaru gifted it to you on level 3 of the Lair of Beasts)

   Str+3:     It affects your strength (+3).
   -Cast:     It prevents spellcasting.
   Stlth+:    It makes you more stealthy.
Jewellery
 e - a ring of flight (right tentacle)
 h - a +5 ring of evasion (on tentacle)
 k - an amulet of faith (around mantle)
 m - a ring of protection from fire (left tentacle)
 A - a ring of protection from cold (on tentacle)
 D - a ring of flight (on tentacle)
 L - a ring of magical power (on tentacle)
 N - a ring of wizardry (on tentacle)
Talismans
 c - a flux talisman
 s - a beast talisman
 C - a maw talisman (active)
Wands
 d - a wand of digging (7)
 j - a wand of polymorph (25)
 p - a wand of paralysis (7)
 y - a wand of mindburst (28)
Scrolls
 f - 2 scrolls of revelation {unknown}
 g - 2 scrolls of enchant armour {unknown}
 i - 2 scrolls of blinking {unknown}
 l - 2 scrolls of enchant weapon {unknown}
 o - 3 scrolls of amnesia {unknown}
 q - 2 scrolls of immolation {unknown}
 w - 3 scrolls of poison {unknown}
 x - a scroll of brand weapon {unknown}
 E - 3 scrolls of fear
 F - 2 scrolls of noise {unknown}
 G - a scroll of fog {unknown}
 S - a scroll of silence {unknown}
 V - 2 scrolls of vulnerability
 Y - 3 scrolls of teleportation
 Z - 2 scrolls of identify
Potions
 a - 4 potions of mutation {unknown}
 n - a potion of enlightenment {unknown}
 r - a potion of invisibility {unknown}
 t - 4 potions of degeneration {unknown}
 u - 2 potions of ambrosia {unknown}
 z - 2 potions of attraction {unknown}
 B - 5 potions of brilliance
 H - 2 potions of haste
 J - 7 potions of curing
 P - a potion of lignification
 R - 3 potions of resistance
 T - 3 potions of magic {unknown}


   Skills:
 + Level 11.5(16.5) Fighting
 - Level 3.7(8.7) Dodging
 - Level 8.0(13.0) Stealth
 - Level 2.9(7.9) Shields
 + Level 12.7(17.7) Unarmed Combat
 - Level 8.0 Invocations
 - Level 10.0 Shapeshifting


You had 12 spell levels left.
You didn't know any spells.
Your spell library contained the following spells:

 Spells                   Type           Power      Damage    Failure   Level
 Foxfire                  Conj/Fire      0%         2x1d4     16%         1
 Blink                    Tloc           0%         N/A       24%         2
 Lesser Beckoning         Tloc           0%         N/A       24%         2
 Momentum Strike          Conj/Tloc      0%         3d8       24%         2
 Gell's Gravitas          Tloc           0%         N/A       43%         3
 Portal Projectile        Hex/Tloc       0%         N/A       43%         3
 Teleport Other           Tloc           0%         N/A       43%         3
 Iskenderun's Mystic Bla  Conj/Tloc      0%         2d3       82%         4
 Olgreb's Toxic Radiance  Pois           0%         N/A       82%         4
 Iskenderun's Battlesphe  Conj           0%         2d6       98%         5
 Dispersal                Tloc           0%         N/A       100%        6
 Leda's Unmaking          Conj/Erth      0%         9d1       100%        6
 Plasma Beam              Fire/Air       0%         2x1d10    100%        6
 Starburst                Conj/Fire      0%         6d3       100%        6
 Discord                  Hex            0%         N/A       100%        8
 Ignition                 Fire           0%         3d3       100%        8
 Tukima's Dance           Hex            Unusable   N/A       N/A         3
 Spellforged Servitor     Conj/Summ      Unusable   N/A       N/A         7

Dungeon Overview and Level Annotations

Branches:
Dungeon (8/15) Zot: 23396  Temple (1/1) D:4 Zot: 5998    Lair (5/5) D:8 Zot: 23020
 Shoals (0/4) Lair:2        Snake (0/4) Lair:2        Slime (0/5) Lair:4
Ossuary (visited)

Altars:
Ashenzari
Cheibriados
Dithmenos
Elyvilon
Fedhas
Gozag
Hepliaklqana
Kikubaaqudgha
Makhleb
Nemelex Xobeh
Okawaru
Qazlal
Ru
Sif Muna
Trog
Uskayaw
Vehumet
Wu Jian
Xom
Yredelemnul
Zin
The Shining One
Jiyva

Shops:
D:2 [   D:5 **[   D:6 =*

Portals:
Abyss: D:8

Annotations:
D:2 exclusions: 4 gnolls, goblin and kobold
D:5 4 exclusions
D:8 2 transporters, knightboat's ghost, novice VSFi
Lair:1 exclusion: upstairs, Urug
Lair:4 1 runed translucent door, exclusion: 3 oklob plants, Ocsitsuh's ghost, journeyman DgEE


Innate Abilities, Weirdness & Mutations

You are a creature with a mouth for a stomach.
Your midsection houses a second, enormous mouth.
You cannot wear most types of armour.
You are amphibious.
You can wear up to eight rings at the same time.
Your skin changes colour to match your surroundings (Stealth+).
Your rubbery body absorbs attacks. (AC +1, EV +1)
((You are camouflaged when in or above water. (Stealth+)))
You have tentacles for arms and can constrict up to eight enemies at once.


Message History

You feel rather light.
D - a ring of flight (on tentacle) Done exploring.
There is a stone staircase leading down here.
You fly downwards.
Level annotation: 1 runed translucent door, exclusion: 3 oklob plants, Ocsitsuh's ghost, journeyman DgEE
There is a stone staircase leading up here.
Search for what [Enter for "ring", or ? for help]? ring You see here a lindwurm skeleton.
There is a stone staircase leading down, spattered with blood here.
You fly downwards.
The blink frog barely misses you. The blink frog misses you.
You block the blink frog's attack. The blink frog hits you!
You block the five-headed hydra's attack.
The five-headed hydra closely misses you. x2
The five-headed hydra bites you. The five-headed hydra misses you.
The blink frog hits you.
The blink frog blinks!
There is a stone staircase leading up, spattered with blood here.
The blink frog closely misses you. You block the blink frog's attack.
The five-headed hydra bites you but does no damage.
The five-headed hydra barely misses you.
The five-headed hydra misses you. The five-headed hydra bites you! x2
The blink frog hits you!
The blink frog blinks!
You block the blink frog's attack.
You fly upwards.
Level annotation: 1 runed translucent door, exclusion: 3 oklob plants, Ocsitsuh's ghost, journeyman DgEE
There is a stone staircase leading down, spattered with blood here.
You completely miss the five-headed hydra.
The five-headed hydra misses you. The five-headed hydra bites you!
The five-headed hydra barely misses you.
The five-headed hydra closely misses you.
The five-headed hydra barely misses you.
You block the blink frog's attack.
You gain the combat prowess of a mighty hero.
The blink frog closely misses you. The five-headed hydra bites you!
* * * LOW HITPOINT WARNING * * *
The five-headed hydra bites you!
* * * LOW HITPOINT WARNING * * *
The five-headed hydra bites you but does no damage.
The five-headed hydra misses you. The five-headed hydra bites you!
You die...

.###...# #..## #..........
.###..## ##..# ##.........
#.###.# ##..## ######...#
####..## #...# ##...
#####..####..## ##..#
..............# #..#.
#PP.....##..##### ### #..##
.........#..###F####P##### ##.##
.#.............÷W........### #.#.
##..............÷D.........###.##
##............##.......##..##..##
#...........####.##.........##.##
##.........#..###..............##
#..P.......#.####..#....#...####
##.............###..##..##...####
............#..#...###..#.....##.
....#..............P#............


You could see a five-headed hydra and a blink frog.

Vanquished Creatures
  A hydra (Lair:4)
  3 two-headed ogres
  A death yak (D:7)
  A skyshark (Lair:2)
  A lindwurm (Lair:4)
  Pikel (D:7)
  10 elephants
  2 merfolk sirens (Lair:2)
  A guardian serpent (Lair:2)
  3 black mambas
  Maurice (D:8)
  2 komodo dragons
  9 cane toads
  A kobold demonologist (D:7)
  2 merfolk (Lair:2)
  3 polar bears (Lair:1)
  17 blink frogs
  A basilisk (Lair:4)
  29 yaks
  A spriggan (Lair:2)
  2 wyverns
  9 water moccasins
  Duvessa (D:6)
  2 sky beasts
  3 black bears
  An ogre (D:5)
  21 wolves
  4 lemures (D:7)
  3 kobold brigands (D:8)
  A gnoll sergeant (D:6)
  7 bullfrogs
  8 scorpions
  5 wights (D:7)
  Dowan (D:6)
  11 killer bees
  A centaur zombie (Ossuary)
  4 human zombies (Ossuary)
  A sleepcap (D:5)
  3 orc priests
  4 hounds
  2 jellies
  4 iguanas
  2 scorpion zombies (Ossuary)
  8 hell rats
  3 mummies (Ossuary)
  24 gnolls
  5 adders
  2 shadow imps
  An ufetubus (D:5)
  2 worms
  2 dart slugs
  24 orcs
  12 endoplasms
  3 giant cockroaches
  5 goblins
  6 hobgoblins
  6 jackals (D:2)
  13 kobolds
  12 quokkas
  10 ball pythons
  5 bats
  3 frilled lizards
  3 goblin zombies
  3 hobgoblin zombies (Ossuary)
  6 kobold zombies (Ossuary)
  An orc zombie (Ossuary)
  7 rats
  A rat zombie (D:5)
357 creatures vanquished.

Notes
Turn   | Place    | Note
-------+----------+-------------------------------------------
     0 | D:1      | Twinkles the Octopode Shapeshifter began the quest for the
                  | Orb.
     0 | D:1      | Reached XP level 1. HP: 13/13 MP: 1/1
   198 | D:1      | Reached XP level 2. HP: 14/18 MP: 2/2
   277 | D:1      | Reached skill level 1 in Stealth
   350 | D:1      | Reached XP level 3. HP: 20/23 MP: 3/3
   707 | D:2      | Reached XP level 4. HP: 22/29 MP: 4/4
   981 | D:2      | Found Jogim's Antique Armour Shoppe.
   999 | D:2      | Found a faded altar of an unknown god.
  1049 | D:2      | Found an iron altar of Okawaru.
  1059 | D:2      | Became a worshipper of Warmaster Okawaru
  2336 | D:4      | Reached XP level 5. HP: 35/35 MP: 5/5
  2468 | D:4      | Reached skill level 4 in Unarmed Combat
  2692 | D:4      | Reached XP level 6. HP: 41/41 MP: 6/6
  2858 | D:4      | Found a staircase to the Ecumenical Temple.
  2869 | Temple   | Entered the Ecumenical Temple
  3058 | D:5      | Entered Level 5 of the Dungeon
  3205 | D:5      | Found Huicym's Armour Shoppe.
  3230 | D:5      | Found Amacky's Assorted Antiques.
  3380 | D:5      | Reached * piety under Okawaru
  3381 | D:5      | Reached XP level 7. HP: 29/46 MP: 7/7
  3443 | D:5      | Found a sand-covered staircase.
  3450 | Ossuary  | Entered an ossuary
  3587 | Ossuary  | Reached skill level 5 in Stealth
  3856 | Ossuary  | Reached skill level 5 in Unarmed Combat
  4375 | Ossuary  | Reached XP level 8. HP: 54/54 MP: 8/8
  4391 | Ossuary  | HP: 15/54 [scorpion (6)]
  4852 | D:5      | Found Osylucw's Lightly-Used Armoury.
  4885 | D:5      | Bought a scroll labelled REORCH EDYOH for 22 gold pieces
  4885 | D:5      | Bought a scroll labelled WASTAM SIOFEYF for 22 gold pieces
  5022 | D:5      | Reached ** piety under Okawaru
  5023 | D:5      | Reached skill level 5 in Shapeshifting
  5971 | D:6      | Found Detsuar's Jewellery Emporium.
  5987 | D:6      | Reached skill level 5 in Fighting
  6115 | D:6      | Reached skill level 6 in Unarmed Combat
  6400 | D:6      | Found Wufrogak's General Store.
  6423 | D:6      | Noticed Dowan
  6870 | D:6      | Noticed Duvessa
  6930 | D:6      | Killed Duvessa
  6931 | D:6      | Reached XP level 9. HP: 46/61 MP: 6/9
  7689 | D:7      | Identified the +9 war axe of Blood {heavy, Fragile rElec
                  | Str+4 Int+2}
  8024 | D:7      | Reached *** piety under Okawaru
  8044 | D:7      | Identified the +7 trident of the Blue God {speed, rPois
                  | Str+7}
  8072 | D:7      | Reached skill level 7 in Unarmed Combat
  8174 | D:7      | Noticed a two-headed ogre
  8174 | D:7      | Noticed a two-headed ogre
  8259 | D:7      | Noticed Pikel
  8380 | D:7      | HP: 12/56 [wight/+4 halberd (7)]
  8781 | D:7      | Killed Pikel
  8890 | D:8      | Noticed Maurice
  8896 | D:8      | Killed Maurice
  8932 | D:8      | Found a transporter.
  8950 | D:8      | Found a one-way gate to the infinite horrors of the Abyss.
  8960 | D:8      | Noticed knightboat's ghost (novice VSFi)
  9054 | D:8      | Noticed a death yak
  9126 | D:8      | Noticed a kobold demonologist
  9253 | D:7      | Killed a kobold demonologist
  9253 | D:7      | Reached **** piety under Okawaru
  9254 | D:7      | Reached skill level 8 in Unarmed Combat
  9254 | D:7      | Reached XP level 10. HP: 61/69 MP: 10/10
  9373 | D:8      | Noticed a death yak
  9666 | D:8      | Found a broken altar of Ashenzari.
  9668 | D:8      | Found a burning altar of Makhleb.
  9674 | D:8      | Found a shadowy altar of Dithmenos.
  9839 | D:8      | Found a transporter.
  9881 | D:8      | Noticed a death yak
  9979 | D:8      | Reached skill level 1 in Invocations
 10043 | D:8      | Noticed a two-headed ogre
 10176 | D:2      | Bought a shiny kite shield for 187 gold pieces
 10248 | D:5      | Bought an encrusted marble ring for 110 gold pieces
 10643 | D:8      | Found a staircase to the Lair.
 10704 | D:8      | Received a gift from Okawaru
 10849 | D:8      | Noticed a wizard
 10875 | D:8      | HP: 20/71 [two-headed ogre/+0 giant club (19)]
 10875 | D:8      | HP: 9/71 [two-headed ogre/+0 giant club (11)]
 10878 | D:8      | Killed a two-headed ogre
 10879 | D:8      | Reached skill level 1 in Shields
 10976 | D:8      | Reached skill level 9 in Unarmed Combat
 11093 | D:8      | HP: 15/71 [yak (14)]
 11568 | Lair:1   | Entered Level 1 of the Lair of Beasts
 11808 | Lair:1   | Noticed a cane toad
 12007 | Lair:1   | Reached XP level 11. HP: 73/75 MP: 13/13
 12039 | Lair:1   | Noticed a boulder beetle
 12173 | Lair:1   | Noticed Urug
 12448 | Lair:1   | Reached ***** piety under Okawaru
 12902 | Lair:2   | Found a staircase to the Snake Pit.
 13301 | Lair:2   | Identified the +5 buckler "Giwozo" {rF- Dex+5} (Okawaru
                  | gifted it to you on level 2 of the Lair of Beasts)
 13301 | Lair:2   | Received a gift from Okawaru
 13719 | Lair:2   | Reached skill level 10 in Unarmed Combat
 14305 | Lair:2   | Reached XP level 12. HP: 83/84 MP: 15/15
 14373 | Lair:2   | Found a staircase to the Shoals.
 14506 | Lair:1   | Reached skill level 5 in Invocations
 14706 | Lair:2   | Noticed a skyshark
 14717 | Lair:2   | Killed a skyshark
 15249 | Lair:2   | Reached skill level 10 in Shapeshifting
 15427 | Lair:3   | Reached skill level 11 in Unarmed Combat
 15492 | Lair:3   | HP: 22/85 [elephant (15)]
 15498 | Lair:3   | Identified the +5 buckler of Gallantry {-Cast Str+3 Stlth+}
                  | (Okawaru gifted it to you on level 3 of the Lair of Beasts)
 15498 | Lair:3   | Received a gift from Okawaru
 16866 | Lair:4   | Noticed Ocsitsuh's ghost (journeyman DgEE)
 16866 | Lair:4   | Found a runed translucent door.
 16866 | Lair:4   | Found a shimmering altar of Xom.
 16947 | Lair:4   | Reached skill level 10 in Fighting
 17120 | Lair:4   | Found a staircase to the Slime Pits.
 17121 | Lair:4   | Found a viscous altar of Jiyva.
 17295 | Lair:4   | Reached XP level 13. HP: 89/93 MP: 18/18
 17574 | Lair:4   | Reached skill level 12 in Unarmed Combat
 17943 | Lair:5   | Entered Level 5 of the Lair of Beasts
 18500 | D:8      | HP: 24/95 [death yak (16)]
 18510 | D:7      | HP: 19/95 [death yak (13)]
 18886 | D:5      | Bought a tourmaline ring for 110 gold pieces
 18949 | D:7      | HP: 27/95 [death yak (15)]
 19158 | D:6      | Killed Dowan
 19484 | Lair:4   | HP: 15/95 [five-headed hydra (15)]
 19484 | Lair:4   | HP: 4/95 [five-headed hydra (11)]
 19484 | Lair:4   | Slain by a five-headed hydra

Illustrated notes

Levels and vault maps discovered:
D:1:      reono_arrival_mine, layout_basic
D:2:      layout_basic, ebering_ecumenical_altar_sacrificial, basic_altar,
          serial_shops, shop
D:3:      layout_basic
D:4:      layout_rooms, minmay_temple_entry_enclosed_plants
D:5:      layout_layer_cave, serial_shops, nicolae_shop_real_fake_doors,
          enter_ossuary_4, nicolae_stop_n_shop_1, minmay_shop_damaged
D:6:      layout_basic, serial_shops, shop, shop, uniq_duvessa
D:7:      layout_basic, eino_small_chamber_without_monster,
          chequers_serial_rivers_micro_b,
          hellmonk_guarded_unrand_gyre_and_gimble, uniq_pikel
D:8:      layout_basic, minitemple, dpeg_lair_monsters,
          gammafunk_ghost_abyssal_escape, uniq_maurice
Temple:   hellmonk_temple_of_storms
Lair:1:   layout_gridlike, uniq_urug
Lair:2:   layout_roguey, elwin_shoals_entry_stream,
          minmay_snake_entry_spellcaster, grunt_forest_large_clearings
Lair:3:   layout_regular_city
Lair:4:   layout_loops_ring, minmay_slime_entry_oklob_open, ebering_ghost_xom
Lair:5:   minmay_lair_end_enchanted_forest, layout_regular_city,
          disabler_island, grunt_megastairs_1, infiniplex_staircase_pool

Skill      XL: |  1  2  3  4  5  6  7  8  9 10 11 12 13 |
---------------+----------------------------------------+-----
Stealth        | 1 2 3 4 6 7 8 |  8.0
Fighting       | 2 3 4 5 6 7 8 10 11 | 11.5
Unarmed Combat | 4 5 6 8 9 10 11 12 | 12.7
Shapeshifting  | 4 5 6 7 9 10 | 10.0
Dodging        | 3 |  3.7
Invocations    | 3 4 7 8 |  8.0
Shields        | 2 |  2.9

Action                     |  1- 3 |  4- 6 |  7- 9 | 10-12 | 13-15 || total
---------------------------+-------+-------+-------+-------+-------++-------
  Melee: Unarmed           |    70 |   118 |    21 |   394 |    77 ||   680
         Constrict         |    17 |    35 |    66 |    61 |    15 ||   194
         Tentacles         |     8 |    26 |    70 |   125 |    20 ||   249
         Punch             |     2 |     1 |    13 |    55 |     8 ||    79
         Dagger            |       |       |   232 |    57 |       ||   289
         Maw               |       |       |       |    79 |    18 ||    97
  Throw: Dart              |       |       |       |    17 |     1 ||    18
 Invoke: Heroism           |       |       |     5 |    12 |     4 ||    21
         Finesse           |       |       |       |     1 |     1 ||     2
  Evoke: Wand              |       |       |     4 |     5 |       ||     9
    Use: Scroll            |       |       |     7 |       |     2 ||     9
         Potion            |       |       |     3 |     1 |     1 ||     5
   Stab: Sleeping          |     3 |    14 |     8 |     9 |     2 ||    36
         Distracted        |       |       |     2 |     2 |       ||     4
 Armour: Skin              |     4 |     4 |     4 |    10 |     3 ||    25
  Dodge: Dodged            |    40 |    56 |   150 |   258 |    80 ||   584
  Block: Kite shield       |       |       |       |   132 |       ||   132
         Buckler           |       |       |       |    41 |    47 ||    88
   Form: Maw               |       |       |       |     1 |       ||     1

Table legend: (Time is in decaauts)
 A = Elapsed time spent in this place.
 B = Non-inter-level travel time spent in this place.
 C = Inter-level travel time spent in this place.
 D = Time resting spent in this place.
 E = Time spent auto-exploring this place.
 F = Levels seen in this place.
 G = Mean time per level.
                   A        B        C        D        E       F      G
               +--------+--------+--------+--------+--------+-----+--------+
         Total |  19430 |  17917 |   1513 |   2950 |  10019 |  15 | 1295.3 |
       Dungeon |  11199 |  10369 |    830 |   1294 |   6294 |   8 | 1399.9 |
        Temple |      1 |      1 |      0 |      0 |      0 |   1 |    1.0 |
          Lair |   6978 |   6295 |    683 |   1259 |   3238 |   5 | 1395.6 |
       Ossuary |   1250 |   1250 |      0 |    396 |    487 |   1 | 1250.0 |
               +--------+--------+--------+--------+--------+-----+--------+

Top non-repeatable levels by time:
     D:8: 2194 daAuts
     D:7: 2133 daAuts
  Lair:1: 1981 daAuts
     D:6: 1929 daAuts
  Lair:2: 1859 daAuts
     D:5: 1748 daAuts
  Lair:3: 1683 daAuts
  Lair:4: 1399 daAuts
 Ossuary: 1250 daAuts
     D:3: 1018 daAuts
     D:2: 801 daAuts
     D:4: 777 daAuts
     D:1: 596 daAuts
  Lair:5: 54 daAuts
  Temple: 1 daAuts
